 Dungeon Crawl Stone Soup version 0.28-b1-25-g9875b3fc8c (webtiles) character file.

Game seed: 6409760779043024207

1178 Lathuz the Cudgeller (level 8, -6/51 HPs)
             Began as a Gargoyle Fighter on Feb 3, 2022.
             Was a Believer of the Shining One.
             Mangled by Duvessa (14 damage)
             ... on level 5 of the Dungeon.
             The game lasted 00:09:35 (6021 turns).

Lathuz the Cudgeller (Gargoyle Fighter)             Turns: 6021, Time: 00:09:35

Health: -6/51      AC: 16    Str: 21    XL:     8   Next: 41%
Magic:  17/17      EV:  6    Int: 10    God:    the Shining One [**....]
Gold:   202        SH: 10    Dex: 15    Spells: 7/7 levels left

rFire   . . .      SeeInvis .   a - +0 flail
rCold   + . .      Faith    .   f - +0 kite shield
rNeg    + + .      Spirit   .   m - +0 chain mail
rPois   ∞          Reflect  .   d - +0 helmet
rElec   +          Harm     .   (no cloak)
rCorr   .          Rampage  .   (no gloves)
Will    .....                   (no boots)
Stlth   ..........              (no amulet)
HPRegen 0.17/turn               l - +6 ring of dexterity
MPRegen 0.15/turn               n - ring of magical power

@: glowing
A: sickness immunity, AC +5, negative energy resistance 1, electricity
resistance, torment resistance 1, petrification resistance, cold resistance 1,
mutation resistance 1
a: Renounce Religion, Divine Shield


You were on level 5 of the Dungeon.
You worshipped the Shining One.
The Shining One was pleased with you.
You visited 1 branch of the dungeon, and saw 5 of its levels.

You collected 202 gold pieces.

Inventory:

Hand Weapons
 a - a +0 flail (weapon)
Missiles
 s - 108 stones (quivered)
Armour
 d - a +0 helmet (worn)
 f - a +0 kite shield (worn)
 m - a +0 chain mail (worn)
Jewellery
 g - a +4 ring of protection
 l - a +6 ring of dexterity (left hand)
 n - a ring of magical power (right hand)
Scrolls
 b - 2 scrolls of amnesia {unknown}
 c - a scroll of vulnerability {unknown}
 e - a scroll of blinking {unknown}
 h - 2 scrolls of enchant weapon {unknown}
 i - a scroll of brand weapon {unknown}
 k - 2 scrolls of fog {unknown}
 o - a scroll of teleportation {unknown}
 p - a scroll of summoning {unknown}
 t - a scroll of immolation {unknown}
 u - a scroll of noise {unknown}
 E - 2 scrolls of fear
 Z - 3 scrolls of identify {@r1}
Potions
 j - a potion of flight {unknown}
 q - a potion of lignification {unknown}
 r - a potion of resistance {unknown}
 v - 2 potions of magic {unknown}
 C - 2 potions of cancellation
 M - 3 potions of might
 U - a potion of mutation


   Skills:
 + Level 5.7 Fighting
 * Level 6.4 Maces & Flails
 + Level 5.7 Armour
 + Level 5.8 Shields


You had 7 spell levels left.
You didn't know any spells.
Your spell library contained the following spells:

 Spells                   Type           Power      Damage    Failure   Level
 Beastly Appendage        Tmut           0%         N/A       100%        1
 Foxfire                  Conj/Fire      0%         2x1d4     100%        1
 Sting                    Tmut/Pois      0%         1d3       100%        1
 Summon Small Mammal      Summ           0%         N/A       100%        1
 Ensorcelled Hibernation  Hex/Ice        0%         N/A       100%        2
 Passwall                 Tmut/Erth      0%         N/A       100%        2
 Wereblood                Tmut           0%         N/A       100%        2
 Call Canine Familiar     Summ           0%         N/A       100%        3
 Conjure Flame            Conj/Fire      0%         6-21      100%        3
 Inner Flame              Hex/Fire       0%         N/A       100%        3
 Spider Form              Tmut/Pois      0%         N/A       100%        3
 Summon Guardian Golem    Hex/Summ       0%         N/A       100%        3
 Swiftness                Air            0%         N/A       100%        3
 Flame Wave               Conj/Fire      0%         2d4       100%        4
 Petrify                  Tmut/Erth      0%         N/A       100%        4
 Irradiate                Conj/Tmut      0%         3d13      100%        5
 Orb of Destruction       Conj           0%         9d5       100%        7
 Spellforged Servitor     Conj/Summ      0%         N/A       100%        7
 Sublimation of Blood     Necr           Unusable   N/A       N/A         2

Dungeon Overview and Level Annotations

Branches:
Dungeon (5/15)             Temple (0/1) D:4

Altars:
Sif Muna
Wu Jian
Zin
The Shining One

Annotations:
D:5 Duvessa


Innate Abilities, Weirdness & Mutations

You are immune to sickness and miasma.
Your stone body is resilient. (AC +5)
You are immune to poison.
You resist negative energy. (rN+)
You are resistant to electric shocks. (rElec)
You are resistant to unholy torment.
You are immune to petrification.
Your flesh is cold resistant. (rC+)
You are somewhat resistant to further mutation.


Message History

Dowan blinks!
You thump Dowan!
Dowan is heavily wounded.
You hit Dowan.
Dowan is severely wounded.
Dowan says, "My weaknesses are her strengths!"
You hit Dowan but do no damage.
Dowan is severely wounded.
You sock Dowan!
You kill Dowan!
You hear a distant scream of rage. a +4 dagger of venom; a +0 robe; the elf corpse of Dowan You see here a +0 long sword.
i - a scroll labelled GISCHEGGYAS Duvessa, Sister of Dowan comes into view.
She is wielding a +1 short sword of speed.
Duvessa shouts!
Duvessa goes berserk!
You hit Duvessa.
Duvessa is lightly wounded.
Duvessa hits you with a +1 short sword of speed!
You hit Duvessa.
Duvessa is lightly wounded.
Duvessa hits you with a +1 short sword of speed.
You hit Duvessa.
Duvessa is lightly wounded.
Duvessa hits you with a +1 short sword of speed!
You hit Duvessa.
Duvessa is moderately wounded.
Duvessa hits you with a +1 short sword of speed!
* * * LOW HITPOINT WARNING * * *
You hit Duvessa but do no damage.
Duvessa is moderately wounded.
Duvessa hits you with a +1 short sword of speed.
* * * LOW HITPOINT WARNING * * *
You hit Duvessa.
Duvessa is moderately wounded.
Duvessa hits you with a +1 short sword of speed!
* * * LOW HITPOINT WARNING * * *
Duvessa hits you with a +1 short sword of speed!
You die...

.....# .....#
........ ###### ....
... ...# ... .. ##.#
# ... .. .#.# #. #.#
.# .#.########.. #.#
.#
............>###'##.#
.#.#...##......e@...#
.#.#...##...........#
##.#...##...........#
...#...##...........#
.......##...........#
####...##...........#
#...##...........#
#...##....)......#
###.##...........#


You could see Duvessa (berserk).

Vanquished Creatures
  2 black bears
  3 necrophages
  A sky beast (D:5)
  A centaur (D:4)
  A gnoll sergeant (D:5)
  A scorpion (D:4)
  Dowan (D:5)
  A bullfrog skeleton (D:4)
  A hound (D:5)
  An orc priest (D:5)
  A centaur skeleton (D:4)
  2 iguanas
  A scorpion zombie (D:5)
  An orc wizard (D:4)
  5 gnolls
  6 adders
  An ufetubus (D:5)
  4 worms
  7 dart slugs
  6 orcs
  8 ball pythons
  8 endoplasms
  4 goblins
  6 hobgoblins
  A jackal (D:4)
  5 quokkas
  8 bats
  5 frilled lizards
  2 kobolds (D:3)
  5 rats
99 creatures vanquished.

Notes
Turn   | Place    | Note
-------+----------+-------------------------------------------
     0 | D:1      | Lathuz the Gargoyle Fighter began the quest for the Orb.
     0 | D:1      | Reached XP level 1. HP: 14/14 MP: 1/1
   218 | D:1      | Reached XP level 2. HP: 19/19 MP: 2/2
   431 | D:1      | Found a faded altar of an unknown god.
   442 | D:1      | Got Plato's Disquisition on Transformation
   445 | D:1      | Prayed at the altar of an unknown god.
   445 | D:1      | Became a worshipper of the Shining One
   445 | D:1      | Reached * piety under the Shining One
   478 | D:1      | Reached XP level 3. HP: 23/23 MP: 3/3
  1219 | D:2      | Reached skill level 3 in Maces & Flails
  1219 | D:2      | Reached XP level 4. HP: 28/29 MP: 4/4
  1660 | D:3      | Found an ornate altar of the Wu Jian Council.
  1875 | D:3      | Noticed a black bear
  1883 | D:3      | Killed a black bear
  1884 | D:3      | Reached XP level 5. HP: 25/33 MP: 5/5
  2248 | D:3      | Found a glowing silver altar of Zin.
  2248 | D:3      | Noticed an angel
  2294 | D:3      | Reached skill level 4 in Maces & Flails
  2705 | D:4      | Found a staircase to the Ecumenical Temple.
  2794 | D:4      | Noticed a centaur
  2803 | D:4      | Killed a centaur
  2804 | D:4      | Reached XP level 6. HP: 24/39 MP: 6/6
  3215 | D:4      | Reached ** piety under the Shining One
  3414 | D:4      | Found a shimmering blue altar of Sif Muna.
  3586 | D:4      | Noticed a necrophage
  3600 | D:4      | Killed a necrophage
  3601 | D:4      | Reached XP level 7. HP: 44/44 MP: 7/7
  3854 | D:4      | Reached skill level 5 in Maces & Flails
  4084 | D:5      | Entered Level 5 of the Dungeon
  4100 | D:4      | Reached skill level 5 in Fighting
  4100 | D:4      | Reached skill level 5 in Armour
  4100 | D:4      | Reached skill level 5 in Shields
  4660 | D:5      | Gained mutation: You are somewhat resistant to further
                  | mutation. [potion of mutation]
  4660 | D:5      | Gained mutation: Your flesh is cold resistant. (rC+)
                  | [potion of mutation]
  5239 | D:5      | Reached skill level 6 in Maces & Flails
  5239 | D:5      | Reached XP level 8. HP: 37/50 MP: 8/8
  5961 | D:5      | Noticed Dowan
  5990 | D:5      | Killed Dowan
  6013 | D:5      | Noticed Duvessa
  6021 | D:5      | Mangled by Duvessa

Illustrated notes

Levels and vault maps discovered:
D:1:      onia_arrival_mini_maze, layout_loops_ring,
          shapermc_ecumenical_altar_rom_forum
D:2:      layout_rooms, kennysheep_potato
D:3:      layout_basic, mainiacjoe_overflow_small_starburst, zin_angel,
          kennysheep_generic_room_11
D:4:      layout_loops_corners, mainiacjoe_overflow_six_doors_small,
          minmay_temple_entry_mist, minmay_pentangle
D:5:      layout_basic, serial_glass, glass_columns_b, glass_columns_a,
          uniq_duvessa

Skill      XL: |  1  2  3  4  5  6  7 |
---------------+----------------------+-----
Maces & Flails | 3 4 6 |  6.4
Fighting       | 4 5 |  5.7
Armour         | 4 5 |  5.7
Shields        | 4 5 |  5.8

Action                   |  1- 3 |  4- 6 |  7- 9 || total
-------------------------+-------+-------+-------++-------
Melee: Flail             |    73 |   116 |   149 ||   338
Throw: Stone             |     5 |     2 |     4 ||    11
  Use: Scroll            |       |     1 |     1 ||     2
       Potion            |       |       |     1 ||     1
Armor: Scale mail        |    42 |    22 |       ||    64
       Chain mail        |       |    57 |   103 ||   160
Dodge: Dodged            |    25 |    48 |    47 ||   120
Block: Buckler           |    14 |    29 |    43 ||    86
       Kite shield       |       |       |    28 ||    28
